 Dungeon Crawl Stone Soup version 0.27.1-33-g824d729ab1 (webtiles) character file.

Game seed: 16473741991434638818

893 zeram the Covert (level 7, -3/33 HPs)
             Began as a Spriggan Brigand on Dec 30, 2021.
             Slain by an iron imp (10 damage)
             ... summoned by Eustachio
             ... on level 3 of the Dungeon.
             The game lasted 00:20:44 (10421 turns).

zeram the Covert (Spriggan Brigand)                Turns: 10421, Time: 00:20:45

Health: -3/33      AC:  3    Str:  7    XL:     7   Next: 78%
Magic:  8/8        EV: 19    Int: 15    God:
Gold:   193        SH:  0    Dex: 16    Spells: 6/6 levels left

rFire    . . .     SeeInvis +   a - +2 dagger
rCold    . . .     Faith    .   (shield restricted)
rNeg     . . .     Spirit   .   b - +0 robe
rPois    .         Reflect  .   (helmet restricted)
rElec    .         Harm     .   c - +0 cloak
rCorr    .         Rampage  .   (gloves unavailable)
Will     +....                  (boots unavailable)
Stlth    +++++.....             (no amulet)
HPRegen  0.11/turn              (no ring)
MPRegen  0.11/turn              (no ring)

@: about to teleport, very quick
A: very small, no large weapons, unfitting armour, see invisible, speed 3
a: no special abilities


You were on level 3 of the Dungeon.
You visited 1 branch of the dungeon, and saw 5 of its levels.

You collected 193 gold pieces.

Inventory:

Hand Weapons
 a - a +2 dagger (weapon)
 f - the +3 spear of the Two Names {flame, rElec Will- Str+3}
   (You found it on level 5 of the Dungeon)

   It burns those it strikes, dealing additional fire damage.
   Str:       It affects your strength (+3).
   rElec:     It insulates you from electricity.
   Will:      It decreases your willpower.
Armour
 b - a +0 robe (worn)
 c - a +0 cloak (worn)
Jewellery
 j - an amulet of faith
Scrolls
 m - 2 scrolls of teleportation
Potions
 h - a potion of flight


   Skills:
 - Level 1.5 Fighting
 - Level 2.1 Short Blades
 - Level 2.0 Throwing
 + Level 5.6 Dodging
 + Level 12.9 Stealth
 - Level 0.5 Evocations


You had 6 spell levels left.
You didn't know any spells.
Your spell library contained the following spells:

 Spells                   Type           Power      Damage    Failure   Level
 Beastly Appendage        Tmut           0%         N/A       26%         1
 Wereblood                Tmut           0%         N/A       38%         2
 Conjure Flame            Conj/Fire      0%         6-21      63%         3
 Ignite Poison            Fire/Tmut/Pois 0%         N/A       63%         3
 Spider Form              Tmut/Pois      0%         N/A       63%         3
 Sticky Flame             Conj/Fire      0%         2d3       95%         4


Dungeon Overview and Level Annotations

Branches:
Dungeon (5/15)
 Temple: D:4-7

Altars:
Fedhas

Shops:
D:5 **:

Annotations:
D:3 Eustachio


Innate Abilities, Weirdness & Mutations

You are very small and have problems with some larger weapons.
You are too small for most types of armour.
You have supernaturally acute eyesight. (SInv)
You cover ground extremely quickly. (Speed+++)


Message History

You hit Eustachio.
Eustachio is lightly wounded.
Eustachio barely misses you.
You hit Eustachio but do no damage.
Eustachio is lightly wounded.
Eustachio hits you with a +0 falchion.
You closely miss Eustachio.
Eustachio is lightly wounded.
Eustachio misses you.
You hit Eustachio.
Eustachio is lightly wounded.
Eustachio gestures wildly while chanting.
You barely miss Eustachio.
Eustachio is lightly wounded.
You hit Eustachio but do no damage.
Eustachio is lightly wounded.
Eustachio barely misses you. The iron imp barely misses you.
Okay, then.
Okay, then.
You hit Eustachio but do no damage.
Eustachio is lightly wounded.
The shadow imp shouts, "Begone, thou surly doghearted wormtrail!"
Eustachio misses you. The iron imp barely misses you.
You hit Eustachio but do no damage.
Eustachio is lightly wounded.
Eustachio hits you with a +0 falchion! The iron imp completely misses you.
As you read the scroll of teleportation, it crumbles to dust.
You feel strangely unstable. Eustachio hits you with a +0 falchion!
You completely miss Eustachio.
Eustachio is lightly wounded.
The iron imp hits you!
* * * LOW HITPOINT WARNING * * *
Eustachio mumbles some strange words.
You barely miss Eustachio.
Eustachio is lightly wounded.
Eustachio misses you. The iron imp misses you. The quokka closely misses you.
You closely miss Eustachio.
Eustachio is lightly wounded.
Eustachio barely misses you. The quokka misses you. The iron imp hits you!
You die...

.#.#.#.#.#.###..#####.########
..........## #..## #........#
#.#.#.#.#.# #...## ########.#
.........## #..#.# #.#
.#.#.#.#.# ##..###### #.#
........## #.<.....# #.#
#.#.#.#.# ##.####.# #.#
.......## #5# #.# #.# #.######
#@####.# #.# #.# #r@55[.# ##.#
#.# #####>[# #..#
#.##################.)# #.##
#.....................# #.#
####.###############.## #.#
#.# ########.#### #.### #.#
##...........# #...## #.#
####..###.......###....#


You could see Eustachio, an iron imp (summoned), a shadow imp (summoned), an
ufetubus (summoned) and a quokka (summoned).

Vanquished Creatures
  A sky beast (D:4)
  A black bear (D:3)
  An ogre (D:3)
  Blork the orc (D:5)
  A bullfrog zombie (D:5)
  A jelly (D:3)
  An orc priest (D:4)
  Crazy Yiuf (D:3)
  A hound (D:4)
  2 bullfrog skeletons
  Natasha (thrice) (D:3)
  4 orc wizards
  Ijyb (D:3)
  Robin (D:3)
  4 adders
  A white imp (D:4)
  An adder zombie (D:1)
  2 dart slugs
  14 orcs
  2 bats (D:1)
  5 endoplasms
  2 giant cockroaches
  8 hobgoblins
  3 jackals (D:3)
  4 kobolds
  8 quokkas
  2 ball pythons
  A ball python zombie (D:1)
  5 frilled lizards (D:2)
  11 goblins
  A jackal zombie (D:3)
  A rat (D:3)
95 creatures vanquished.

Notes
Turn   | Place    | Note
-------+----------+-------------------------------------------
     0 | D:1      | zeram the Spriggan Brigand began the quest for the Orb.
     0 | D:1      | Reached XP level 1. HP: 10/10 MP: 2/2
    27 | D:1      | Reached skill level 6 in Stealth
   545 | D:1      | Reached XP level 2. HP: 14/14 MP: 3/3
   694 | D:1      | Found a faded altar of an unknown god.
   776 | D:1      | Reached skill level 7 in Stealth
  1307 | D:2      | Reached XP level 3. HP: 18/18 MP: 4/4
  1706 | D:3      | Noticed Robin
  2376 | D:2      | Reached skill level 8 in Stealth
  2794 | D:3      | Noticed Natasha
  2796 | D:3      | Killed Natasha
  2797 | D:3      | Reached XP level 4. HP: 22/22 MP: 5/5
  2916 | D:3      | Noticed Ijyb
  2921 | D:3      | Killed Ijyb
  2922 | D:3      | Reached skill level 9 in Stealth
  3364 | D:2      | HP: 1/22 [poisoned by an adder]
  3841 | D:3      | Noticed Natasha
  3856 | D:3      | Killed Natasha
  4042 | D:3      | Noticed Natasha
  4059 | D:3      | Killed Natasha
  4060 | D:3      | Reached XP level 5. HP: 7/25 MP: 6/6
  4433 | D:3      | Found a runed translucent door.
  4434 | D:3      | Noticed Crazy Yiuf
  4640 | D:3      | Killed Robin
  5001 | D:3      | Killed Crazy Yiuf
  5002 | D:3      | Reached skill level 10 in Stealth
  5573 | D:4      | Noticed Eustachio
  5573 | D:4      | Noticed a black bear
  5784 | D:2      | Reached XP level 6. HP: 18/30 MP: 7/7
  6023 | D:3      | Reached skill level 11 in Stealth
  7528 | D:4      | Found a blossoming altar of Fedhas.
  7786 | D:4      | Reached skill level 12 in Stealth
  7811 | D:4      | Reached XP level 7. HP: 5/33 MP: 8/8
  8082 | D:5      | Entered Level 5 of the Dungeon
  8082 | D:5      | Noticed Blork the orc
  8098 | D:4      | HP: 1/33 [white imp/puff of frost (11)]
  9156 | D:5      | Found Ejedufoi's Assorted Antiques.
  9156 | D:5      | Found Xusisil's Assorted Antiques.
  9227 | D:5      | Found Guamis's Book Shop.
  9363 | D:5      | Identified the +3 spear of the Two Names {flame, rElec
                  | Will- Str+3}
  9455 | D:5      | Killed Blork the orc
  9456 | D:5      | Reached skill level 5 in Dodging
 10421 | D:3      | Slain by an iron imp

Illustrated notes

Levels and vault maps discovered:
D:1:      saegor_arrival_fortress, layout_basic, ebering_ecumenical_altar_mist
D:2:      layout_loops_ring, chequers_serial_rivers_room_b
D:3:      layout_loops_ring, minmay_splitting_lines, st_stairs_13, hex_medium,
          uniq_robin, uniq_natasha, uniq_ijyb, uniq_crazy_yiuf_cottage
D:4:      cheibrodos_pilgrimage, layout_rooms, fedhas_altar_4, uniq_eustachio
D:5:      layout_rooms, minmay_temple_entry_statues, serial_shops,
          kennysheep_mini_moat, nicolae_shop_crystal, shop_statue,
          nicolae_shop_trees, nicolae_shop_stone, nrook_mini_vaults,
          st_stairs_9, uniq_blork_the_orc

Skill      XL: |  1  2  3  4  5  6  7 |
---------------+----------------------+-----
Stealth        | 6 7 8 9 10 12 | 12.9
Dodging        | 2 3 5 |  5.6
Fighting       | |  1.5
Short Blades   | |  2.1
Throwing       | |  2.0
Evocations     | |  0.5

Action                   |  1- 3 |  4- 6 |  7- 9 || total
-------------------------+-------+-------+-------++-------
Melee: Dagger            |   160 |   229 |   181 ||   570
Throw: Dart              |       |    30 |    25 ||    55
Evoke: Wand              |       |     8 |     8 ||    16
  Use: Scroll            |     2 |     4 |     1 ||     7
       Potion            |       |     2 |       ||     2
 Stab: Sleeping          |    11 |    16 |     1 ||    28
       Distracted        |       |     1 |     1 ||     2
Armor: Robe              |    22 |    31 |    19 ||    72
Dodge: Dodged            |   130 |   205 |   180 ||   515
